 Dungeon Crawl Stone Soup version 0.30-a0-571-gdf30a72648 (webtiles) character file.

Game seed: 533525987723169072

25 bmack86 the Trooper (level 2, 0/27 HPs)
             Began as a Minotaur Fighter on Dec 30, 2022.
             Slain by a goblin
             ... wielding a +0 dagger
             ... led by Robin
              (3 damage)
             ... on level 2 of the Dungeon.
             The game lasted 00:03:24 (723 turns).

bmack86 the Trooper (Minotaur Fighter)               Turns: 723, Time: 00:03:24

Health: 0/27       AC:  8    Str: 20    XL:     2   Next: 82%
Magic:  1/1        EV:  9    Int:  5    God:
Gold:   90         SH:  4    Dex:  9    Spells: 1/1 levels left

rFire   . . .      SeeInvis .    a - +0 war axe
rCold   . . .      Faith    .    c - +0 buckler
rNeg    . . .      Spirit   .    b - +0 scale mail
rPois   .          Reflect  .    (helmet restricted)
rElec   .          Harm     .    (no cloak)
rCorr   .          Rampage  .    (no gloves)
Will    .....                    j - +0 pair of boots Stlth
                                 (no amulet)
HPRegen 0.24/turn                (no ring)
MPRegen 0.07/turn                (no ring)

@: no status effects
A: horns 2, retaliatory headbutt
a: no special abilities


You were on level 2 of the Dungeon.
You visited 1 branch of the dungeon, and saw 2 of its levels.

You collected 90 gold pieces.

Inventory:

Hand Weapons
 a - a +0 war axe (weapon)
Armour
 b - a +0 scale mail (worn)
 c - a +0 buckler (worn)
 j - a +0 pair of boots (worn)
Scrolls
 g - a scroll of identify {unknown}
 h - a scroll of fear {unknown}
 i - a scroll of fog
 k - a scroll of amnesia {unknown}
 l - 2 scrolls of teleportation {unknown}
 n - a scroll of immolation {unknown}
Potions
 d - 2 potions of might
 e - a potion of lignification {unknown}
 f - a potion of curing {unknown}
 m - a potion of invisibility {unknown}


   Skills:
 + Level 3.9 Fighting
 * Level 3.2 Axes
 + Level 3.9 Armour
 + Level 3.9 Shields


You had one spell level left.
You didn't know any spells.
Your spell library contained the following spells:

 Spells                   Type           Power      Damage    Failure   Level
 Apportation              Tloc           0%         N/A       89%         1
 Alistair's Intoxication  Tmut/Pois      0%         N/A       100%        5


Dungeon Overview and Level Annotations

Branches:
Dungeon (2/15)

Altars:

Annotations:
D:2 Robin, Sigmund


Innate Abilities, Weirdness & Mutations

You have a pair of horns on your head.
You reflexively headbutt those who attack you in melee.


Message History

You hit the goblin.
The goblin is moderately wounded.
You hit the goblin.
You kill the goblin!
You closely miss the goblin.
Sigmund screams, "Don't try to resist!"
The goblin hits you with a +0 dagger.
* * * LOW HITPOINT WARNING * * *
The goblin misses you. You furiously retaliate!
You headbutt the goblin.
You kill the goblin!
The goblin no longer looks unusually strong.
Robin throws the goblin at you!
* * * LOW HITPOINT WARNING * * *
Things that are here:
a +0 club; a +0 sling The goblin no longer looks unusually strong. x2
The goblin misses you. The goblin attacks as you move away!
The goblin hits you but does no damage.
The goblin no longer looks unusually strong.
The goblin barely misses you. The goblin attacks as you move away!
You block the goblin's attack.
The goblin no longer looks unusually strong.
Robin roars a battlecry!
The goblins go into a battle-frenzy!
The goblin no longer looks unusually strong. x3
Robin roars a battlecry!
The goblins go into a battle-frenzy!
The hobgoblin no longer looks unusually strong.
You block the goblin's attack. The goblin attacks as you move away!
The goblin closely misses you.
Something unseen breaks down the large door.
Sigmund casts a spell at you. You resist with significant effort.
Sigmund casts a spell at you.
The magic dart hits you but does no damage.
The goblin attacks as you move away! The goblin hits you but does no damage.
Robin roars a battlecry!
The hobgoblin goes into a battle-frenzy!
The goblin attacks as you move away! The goblin hits you with a +0 dagger.
You die...

..^..........# .............#
.............# .............# ##
.............# ..#.. .
..##...........# ..#..
##.......#...........##### .....
...##.##.#......@.)......###.....
#.....# ........g........+.......
......# ..##...g........##......
......# #.###†.g@.......#..#....
......# #.###.†g#'#g####.)......
#.....####...#.#g#g#g####........
+..........#...#g.g..)g).........
#....#####.##....................
#....# #.###...................


You could see Sigmund, Robin, a hobgoblin (strong) and 8 goblins.

Vanquished Creatures
  A ball python (D:2)
  An endoplasm (D:1)
  3 giant cockroaches
  3 hobgoblins (D:1)
  A quokka (D:1)
  3 frilled lizards (D:1)
  3 goblins (D:2)
  5 kobolds (D:1)
  2 rats (D:1)
22 creatures vanquished.

Notes
Turn   | Place    | Note
-------+----------+-------------------------------------------
     0 | D:1      | bmack86 the Minotaur Fighter began the quest for the Orb.
     0 | D:1      | Reached XP level 1. HP: 19/19 MP: 0/0
    74 | D:1      | Found a faded altar of an unknown god.
   174 | D:1      | Reached XP level 2. HP: 23/27 MP: 1/1
   698 | D:2      | Noticed Robin
   698 | D:2      | Noticed Sigmund
   711 | D:2      | HP: 1/27 [Robin/goblin (1)]
   723 | D:2      | Slain by a goblin

Illustrated notes

Levels and vault maps discovered:
D:1:      minmay_arrival_open_corners, layout_basic,
          dreamdust_ecumenical_altar_statues, minmay_heptomino_h4
D:2:      layout_basic, basic_altar, minmay_goblin_outpost, uniq_robin,
          uniq_sigmund

Skill      XL: |  1  2 |
---------------+-------+-----
Axes           | 3 |  3.2
Fighting       | |  3.9
Armour         | |  3.9
Shields        | |  3.9

Action                   || total
-------------------------++-------
Melee: War axe           ||    32
       Headbutt          ||     2
  Use: Scroll            ||     1
Armor: Scale mail        ||    37
Dodge: Dodged            ||    38
Block: Buckler           ||    14

Table legend: (Time is in decaauts)
 A = Elapsed time spent in this place.
 B = Non-inter-level travel time spent in this place.
 C = Inter-level travel time spent in this place.
 D = Time resting spent in this place.
 E = Time spent auto-exploring this place.
 F = Levels seen in this place.
 G = Mean time per level.
                   A        B        C        D        E       F      G
               +--------+--------+--------+--------+--------+-----+--------+
         Total |    735 |    710 |     25 |      0 |    472 |   2 |  367.5 |
       Dungeon |    735 |    710 |     25 |      0 |    472 |   2 |  367.5 |
               +--------+--------+--------+--------+--------+-----+--------+

Top non-repeatable levels by time:
     D:1: 647 daAuts
     D:2: 88 daAuts
